 Dungeon Crawl Stone Soup version 0.32-a0-13-gbaedc5810e (webtiles) character file.

Game seed: 3243380226546119896

10093 Gargoyl the Blocker (level 11, -9/66 HPs)
             Began as a Gargoyle Berserker on Jan 15, 2024.
             Was a Priest of Trog.
             Mangled by a freezing wraith (10 damage)
             ... on level 9 of the Dungeon.
             The game lasted 00:12:09 (8470 turns).

Gargoyl the Blocker (Gargoyle Berserker)            Turns: 8470, Time: 00:12:09

Health: -9/66      AC: 18    Str: 21    XL:     11   Next: 56%
Magic:  11/11      EV: 13    Int:  6    God:    Trog [***...]
Gold:   376        SH: 17    Dex: 17    Spells: 10/10 levels left

rFire   . . .        i - +1 hand axe (venom)
rCold   . . .        c - +0 kite shield
rNeg    + . .        h - +0 ring mail
rPois   ∞            o - +1 helmet
rElec   +            l - +1 cloak
rCorr   .            (no gloves)
SInv    .            (no boots)
Will    .....        e - amulet of reflection
Stlth   +            (no ring)
HPRegen 0.31/turn    (no ring)
MPRegen 0.12/turn

%: reflection
@: slowed, very slow
A: sickness immunity, AC +8, negative energy resistance 1, electricity
resistance, torment resistance 1, petrification resistance, fangs 1, talons 1,
iridescent scales 1, agile 1, deformed body
a: Renounce Religion, Berserk, Trog's Hand


You were on level 9 of the Dungeon.
You worshipped Trog.
Trog was most pleased with you.
You visited 1 branch of the dungeon, and saw 9 of its levels.
You also visited: Sewer.

You collected 437 gold pieces.
You spent 61 gold pieces at shops.

Inventory:

Hand Weapons
 a - a +1 hand axe
 i - a +1 hand axe of venom (weapon)
Missiles
 s - 20 poisoned darts (quivered)
Armour
 c - a +0 kite shield (worn)
 h - a +0 ring mail (worn)
 l - a +1 cloak (worn)
 o - a +1 helmet (worn)
Jewellery
 b - a ring of flight
 e - an amulet of reflection (around neck)
 t - a ring of willpower
 v - the ring of the Ornamental Banana {Fire *Corrode rN++ Dex+6}
   (You found it on level 7 of the Dungeon)

   [ring of fire]

   Fire:      It enhances your fire magic.
   Dex+6:     It affects your dexterity (+6).
   rF+:       It protects you from fire.
   rC-:       It makes you vulnerable to cold.
   rN++:      It greatly protects you from negative energy.
   *Corrode:  It may corrode you when you take damage.
 z - a ring of ice
Wands
 w - a wand of digging (4)
Scrolls
 f - a scroll of enchant armour
 g - 2 scrolls of poison
 k - 2 scrolls of teleportation
 m - 2 scrolls of identify
 x - a scroll of butterflies {unknown}
 y - a scroll of revelation {unknown}
Potions
 d - a potion of lignification
 j - 7 potions of haste
 n - a potion of berserk rage
 p - 3 potions of might
 q - a potion of invisibility
 r - 2 potions of cancellation
 u - a potion of resistance {unknown}


   Skills:
 + Level 6.9 Fighting
 + Level 10.2 Axes
 + Level 7.1 Armour
 + Level 5.5 Dodging
 + Level 2.1 Stealth
 + Level 10.7 Shields


You had 10 spell levels left.
You didn't know any spells.
Your spell library was empty.

Dungeon Overview and Level Annotations

Branches:
Dungeon (9/15)             Temple (0/1) D:5           Sewer (visited)
   Lair: D:8-11         Orc: D:9-12

Altars:
Ashenzari
Elyvilon
Gozag
Makhleb
Okawaru
Qazlal
Xom
Zin

Shops:
D:2 (

Portals:
Abyss: D:6

Annotations:
D:6 2 transporters, hattey's ghost, novice HuWn


Innate Abilities, Weirdness & Mutations

You are immune to sickness and miasma.
Your stone body is resilient. (AC +8)
You are immune to poison.
You resist negative energy. (rN+)
You are resistant to electric shocks. (rElec)
You are resistant to unholy torment.
You are immune to petrification.
You have very sharp teeth.
You have sharp toenails.
You are partially covered in iridescent scales. (AC +2)
You are agile. (Dex +4, Str/Int -1)
Armour fits poorly on your strangely shaped body.


Message History

The freezing wraith closely misses you. You block the freezing wraith's attack.
You hit the freezing wraith but do no damage.
You bite the freezing wraith, but do no damage.
The freezing wraith is lightly damaged.
You block the freezing wraith's attack. The freezing wraith closely misses you.
You hit the freezing wraith but do no damage.
You claw the freezing wraith, but do no damage.
The freezing wraith is lightly damaged.
You block the freezing wraith's attack.
The freezing wraith hits you but does no damage.
You barely miss the freezing wraith.
You claw the freezing wraith, but do no damage.
The freezing wraith is lightly damaged.
The freezing wraith barely misses you. You block the freezing wraith's attack.
You hit the freezing wraith. You claw the freezing wraith.
The freezing wraith is moderately damaged.
The freezing wraith hits you. The freezing wraith freezes you!
The freezing wraith hits you.
You hit the freezing wraith. You claw the freezing wraith.
The freezing wraith is moderately damaged.
You closely miss the freezing wraith. Your kick misses the freezing wraith.
You bite the freezing wraith, but do no damage.
The freezing wraith is moderately damaged.
You block the freezing wraith's attack.
The freezing wraith hits you but does no damage.
You hit the freezing wraith. Your kick misses the freezing wraith.
The freezing wraith is heavily damaged.
You block the freezing wraith's attack. x2
You hit the freezing wraith but do no damage.
You claw the freezing wraith.
The freezing wraith is heavily damaged.
The freezing wraith hits you but does no damage.
The freezing wraith hits you. The freezing wraith drains your vigour!
You feel yourself slow down.
You barely miss the freezing wraith.
The freezing wraith is heavily damaged.
The freezing wraith hits you. The freezing wraith freezes you!!
* * * LOW HITPOINT WARNING * * *
The freezing wraith hits you!
You die...

....# ##..# #..# #..# #..# ##..#
....# ....# ♣.♣♣♣♣♣♣♣♣♣♣♣.♣ #
....# ♣...W@........♣ # ....#
♣♣♣♣♣♣♣.♣♣♣♣♣♣ # ##..#######
#####♣.♣##### #######
#..#.....#♣♣....♣.♣....♣♣#.♣.♣.#
#..#♣..)♣♣♣.)..♣.♣.♣....♣♣♣.♣.♣#
#..[)♣.♣......†♣♣♣♣♣...)...♣.♣†.
##..#♣...♣♣♣....♣.♣.♣...)♣♣♣.♣.♣#
....#.....#♣♣....♣.♣....♣♣#.♣.♣.#
....#############################


You could see a freezing wraith.

Vanquished Creatures
  A two-headed ogre (D:9)
  2 centaur warriors (D:9)
  Pikel (D:7)
  Jeremiah (D:8)
  An unseen horror (D:9)
  A troll (D:9)
  Prince Ribbit (D:8)
  A hornet (D:9)
  A vampire (D:9)
  A shadow (D:9)
  A wraith (D:9)
  A yak (D:8)
  A vampire mosquito (D:9)
  2 steam dragons
  An acid dragon (D:9)
  A water moccasin (D:8)
  2 orc warriors
  2 black bears
  4 ice beasts (D:7)
  3 ogres
  4 centaurs
  A lemure (D:7)
  3 phantoms (D:5)
  7 bullfrogs
  5 kobold brigands
  2 scorpions
  3 gnoll sergeants
  4 killer bees
  5 howler monkeys
  3 crimson imps (D:9)
  5 bombardier beetles
  2 hounds
  5 orc priests
  Crazy Yiuf (D:2)
  2 jellies
  2 sleepcaps
  4 iguanas
  6 orc wizards
  Robin (D:4)
  10 gnolls
  2 river rats (Sewer)
  12 adders
  2 shadow imps (D:8)
  5 white imps
  2 ribbon worms (D:3)
  3 dart slugs
  26 orcs
  15 ball pythons
  6 endoplasms
  2 giant cockroaches (D:1)
  12 goblins
  11 hobgoblins
  4 jackals
  2 quokkas
  3 bats
  5 frilled lizards
  27 kobolds
  21 rats
264 creatures vanquished.

Vanquished Creatures (collateral kills)
  Erica (D:8)
  The ghost of Ralffii009 the Charlatan, a novice DrCj (D:7)
  3 yaks (D:8)
  A bullfrog (D:8)
  A killer bee simulacrum (D:7)
7 creatures vanquished.

Grand Total: 271 creatures vanquished

Notes
Turn   | Place    | Note
-------+----------+-------------------------------------------
     0 | D:1      | Gargoyl the Gargoyle Berserker began the quest for the Orb.
     0 | D:1      | Reached XP level 1. HP: 14/14 MP: 1/1
   117 | D:1      | Reached XP level 2. HP: 15/19 MP: 2/2
   184 | D:1      | Found a faded altar of an unknown god.
   617 | D:1      | Reached XP level 3. HP: 23/23 MP: 3/3
   947 | D:2      | Reached ** piety under Trog
  1044 | D:2      | Found a stormy altar of Qazlal.
  1248 | D:2      | Found Quatut's Weapon Boutique.
  1257 | D:2      | Bought a +0 hand axe of venom for 61 gold pieces
  1432 | D:2      | Found a runed translucent door.
  1433 | D:2      | Noticed Crazy Yiuf
  1444 | D:2      | Killed Crazy Yiuf
  1445 | D:2      | Reached skill level 1 in Stealth
  1445 | D:2      | Reached skill level 1 in Shields
  1445 | D:2      | Reached XP level 4. HP: 19/29 MP: 2/4
  1744 | D:3      | Reached XP level 5. HP: 33/33 MP: 5/5
  1807 | D:3      | Found an iron altar of Okawaru.
  2526 | D:4      | Noticed Robin
  2534 | D:4      | Reached XP level 6. HP: 31/38 MP: 6/6
  2539 | D:4      | Killed Robin
  2619 | D:4      | Found a glowing silver altar of Zin.
  2735 | D:4      | Gained mutation: You are occasionally teleported next to
                  | monsters. [potion of mutation]
  2735 | D:4      | Gained mutation: Armour fits poorly on your strangely
                  | shaped body. [potion of mutation]
  2735 | D:4      | Gained mutation: You are weak. (Str -2) [potion of
                  | mutation]
  2735 | D:4      | Gained mutation: You are agile. (Dex +4, Str/Int -1)
                  | [potion of mutation]
  2736 | D:4      | Lost mutation: You are occasionally teleported next to
                  | monsters. [potion of mutation]
  2736 | D:4      | Lost mutation: You are weak. (Str -2) [potion of mutation]
  2736 | D:4      | Gained mutation: You have very sharp teeth. [potion of
                  | mutation]
  2736 | D:4      | Gained mutation: You have sharp toenails. [potion of
                  | mutation]
  2736 | D:4      | Gained mutation: You are partially covered in iridescent
                  | scales. (AC +2) [potion of mutation]
  2997 | D:5      | Entered Level 5 of the Dungeon
  3081 | D:5      | Noticed a black bear
  3087 | D:5      | Killed a black bear
  3088 | D:5      | Reached XP level 7. HP: 43/43 MP: 7/7
  3205 | D:5      | Reached skill level 5 in Axes
  3234 | D:5      | Found a staircase to the Ecumenical Temple.
  3408 | D:5      | Found a burning altar of Makhleb.
  3418 | D:5      | Noticed a cacodemon
  3518 | D:5      | Reached XP level 8. HP: 48/48 MP: 8/8
  3520 | D:5      | Reached *** piety under Trog
  3980 | D:6      | Reached skill level 5 in Shields
  4062 | D:6      | Found an opulent altar of Gozag.
  4062 | D:6      | Found a broken altar of Ashenzari.
  4144 | D:6      | Reached skill level 5 in Armour
  4166 | D:6      | Found a transporter.
  4166 | D:6      | Noticed hattey's ghost (novice HuWn)
  4166 | D:6      | Noticed a worldbinder
  4309 | D:6      | Found a glowing drain.
  4316 | Sewer    | Entered a sewer
  4562 | Sewer    | Reached **** piety under Trog
  4668 | D:6      | Reached XP level 9. HP: 50/52 MP: 9/9
  4713 | D:6      | Found a transporter.
  4719 | D:6      | Found a one-way gate to the infinite horrors of the Abyss.
  4722 | D:6      | Noticed a purple ugly thing
  5223 | D:7      | Found a white marble altar of Elyvilon.
  5231 | D:7      | Reached skill level 5 in Fighting
  5571 | D:7      | Noticed Pikel
  5592 | D:7      | Killed Pikel
  5617 | D:7      | Noticed Ralffii009's ghost (novice DrCj)
  5640 | D:7      | Found a runed translucent gate.
  5640 | D:7      | Found a runed translucent gate.
  5640 | D:7      | Found a runed translucent gate.
  6021 | D:7      | Reached XP level 10. HP: 30/59 MP: 10/10
  6044 | D:7      | Killed Ralffii009's ghost
  6112 | D:7      | Got the ring of the Ornamental Banana {Fire *Corrode rN++
                  | Dex+6}
  6691 | D:8      | Noticed Prince Ribbit
  6693 | D:8      | Noticed Erica
  6703 | D:8      | Noticed Jeremiah
  6712 | D:8      | Killed Prince Ribbit
  6770 | D:8      | Killed Erica
  7006 | D:8      | Killed Jeremiah
  7231 | D:9      | Noticed a two-headed ogre
  7250 | D:9      | Killed a two-headed ogre
  7251 | D:9      | Reached skill level 5 in Dodging
  7251 | D:9      | Reached XP level 11. HP: 29/65 MP: 11/11
  7530 | D:9      | Reached skill level 10 in Axes
  7695 | D:9      | Reached skill level 10 in Shields
  8188 | D:9      | Found a shimmering altar of Xom.
  8293 | D:9      | Noticed a centaur warrior
  8298 | D:9      | Killed a centaur warrior
  8352 | D:9      | Noticed a centaur warrior
  8363 | D:9      | Killed a centaur warrior
  8470 | D:9      | HP: 1/66 [freezing wraith (21)]
  8470 | D:9      | Mangled by a freezing wraith

Illustrated notes

Levels and vault maps discovered:
D:1:      psy_arrival_spokes, layout_loops_cross,
          nicolae_ecumenical_lake_church, nicolae_figureground_pulse
D:2:      layout_loops_ring, basic_altar, serial_shops, nicolae_lakefront_shop,
          uniq_crazy_yiuf_cottage
D:3:      layout_basic, okawaru_gym_becter
D:4:      layout_cave_pools, old_standard_altar, uniq_robin
D:5:      layout_loops_ring, makhleb_altar_promises_db,
          minmay_temple_entry_poolview
D:6:      layout_basic, nicolae_overflow_hidden_temple,
          gammafunk_ghost_abyssal_escape,
          mainiacjoe_sewer_entry_somewhere_in_here_2
D:7:      layout_basic, mainiacjoe_overflow_small_starburst,
          gammafunk_ghost_icy, uniq_pikel
D:8:      layout_cave_pods, uniq_jeremiah, uniq_erica, uniq_prince_ribbit1
D:9:      nzn_winding_woodlands_large [nzn_winding_woodlands_5x5_checkerboard,
          nzn_winding_woodlands_5x15_parted, nzn_winding_woodlands_hourglass,
          nzn_winding_woodlands_center_lodge,
          nzn_winding_woodlands_15x15_boxy_spiral,
          nzn_winding_woodlands_center_triple_pond,
          nzn_winding_woodlands_5x5_open_star,
          nzn_winding_woodlands_5x15_pockets,
          nzn_winding_woodlands_5x5_closed_star], layout_irregular_city,
          led_xom_imps, jmf_multi_god_temple2, corexii_corridor_pit

Skill      XL: |  1  2  3  4  5  6  7  8  9 10 11 |
---------------+----------------------------------+-----
Axes           | 3 4 5 6 8 9 10 | 10.2
Dodging        | 2 3 4 5 |  5.5
Stealth        | 1 2 |  2.1
Shields        | 1 2 3 4 5 7 9 10 | 10.7
Armour         | 3 4 5 6 7 |  7.1
Fighting       | 4 5 6 |  6.9

Action                     |  1- 3 |  4- 6 |  7- 9 | 10-12 || total
---------------------------+-------+-------+-------+-------++-------
  Melee: Hand axe          |   117 |    78 |   310 |   299 ||   804
         Kick              |       |     9 |    96 |   131 ||   236
         Bite              |       |     1 |    26 |    36 ||    63
 Invoke: Berserk           |     1 |     3 |     6 |     6 ||    16
         Trog's Hand       |       |     1 |     1 |     6 ||     8
         Brothers in Arms  |       |       |       |     3 ||     3
    Use: Scroll            |     3 |     5 |     6 |     8 ||    22
         Potion            |       |     2 |     6 |     2 ||    10
   Stab: Sleeping          |     3 |       |       |       ||     3
         Distracted        |     1 |       |       |     1 ||     2
         Held in net/web   |       |     1 |       |       ||     1
 Armour: Animal skin       |    45 |       |       |       ||    45
         Ring mail         |    12 |    40 |   124 |   149 ||   325
         Skin              |       |       |     4 |       ||     4
  Dodge: Dodged            |    46 |    48 |    86 |    75 ||   255
  Block: Kite shield       |    56 |    80 |   247 |   269 ||   652
         Reflection        |     2 |     4 |     9 |    17 ||    32

Table legend: (Time is in decaauts)
 A = Elapsed time spent in this place.
 B = Non-inter-level travel time spent in this place.
 C = Inter-level travel time spent in this place.
 D = Time resting spent in this place.
 E = Time spent auto-exploring this place.
 F = Levels seen in this place.
 G = Mean time per level.
                   A        B        C        D        E       F      G
               +--------+--------+--------+--------+--------+-----+--------+
         Total |   8714 |   8531 |    183 |    894 |   5588 |  10 |  871.4 |
       Dungeon |   8386 |   8203 |    183 |    871 |   5449 |   9 |  931.8 |
         Sewer |    327 |    327 |      0 |     23 |    139 |   1 |  327.0 |
               +--------+--------+--------+--------+--------+-----+--------+

Top non-repeatable levels by time:
     D:9: 1395 daAuts
     D:7: 1129 daAuts
     D:5: 1032 daAuts
     D:8: 922 daAuts
     D:2: 906 daAuts
     D:6: 833 daAuts
     D:1: 828 daAuts
     D:3: 811 daAuts
     D:4: 525 daAuts
   Sewer: 327 daAuts
